 Dungeon Crawl Stone Soup version 0.28-a0-101-g18048e5a82 (webtiles) character file.

Game seed: 12235408921234781578

3719 pokeman the Thaumaturge (level 9, -2/51 HPs)
             Began as a Deep Elf Hedge Wizard on Aug 10, 2021.
             Was a Follower of Vehumet.
             Shot with an arrow by a centaur (8 damage)
             ... on level 10 of the Dungeon.
             The game lasted 00:24:52 (11021 turns).

pokeman the Thaumaturge (Deep Elf Hedge Wizard)    Turns: 11021, Time: 00:24:53

Health: -2/51      AC:  4    Str: 13    XL:     9   Next: 92%
Magic:  23/27      EV: 13    Int: 23    God:    Vehumet [*.....]
Gold:   462        SH:  0    Dex: 14    Spells: 20/32 levels left

rFire   . . .      SeeInvis .   o - +2 dagger (venom)
rCold   + . .      Faith    .   (no shield)
rNeg    . . .      Spirit   .   C - +0 leather armour {rC+}
rPois   +          Reflect  .   c - +0 hat
rElec   .          Harm     .   D - +0 cloak
rCorr   .          Rampage  .   (no gloves)
Will    .....                   (no boots)
Stlth   ++........              (no amulet)
HPRegen 0.17/turn               e - +6 ring of strength
MPRegen 0.20/turn               v - ring of poison resistance

@: very slightly contaminated
A: no striking features
a: Renounce Religion


You were on level 10 of the Dungeon.
You worshipped Vehumet.
Vehumet was aware of your devotion.
You visited 2 branches of the dungeon, and saw 10 of its levels.
You also visited: Ossuary.

You collected 462 gold pieces.

Inventory:

Hand Weapons
 k - a +2 quarterstaff of chaos
 o - a +2 dagger of venom (weapon)
 B - a +0 shortbow
Missiles
 b - 36 bolts
 l - 123 arrows
Armour
 c - a +0 hat (worn)
 C - a +0 leather armour of cold resistance (worn)
 D - a +0 cloak (worn)
 F - a +2 pair of boots of rampaging
Magical Staves
 N - a staff of death
Jewellery
 e - a +6 ring of strength (left hand)
 v - a ring of poison resistance (right hand)
Wands
 t - a wand of digging (4)
 z - a wand of polymorph (6)
 E - a wand of flame (3)
 L - a wand of acid (4)
 R - a wand of paralysis (7)
Scrolls
 d - 5 scrolls of identify {unknown}
 f - 3 scrolls of enchant armour {unknown}
 j - a scroll of amnesia {unknown}
 m - a scroll of vulnerability {unknown}
 n - a scroll of noise {unknown}
 p - a scroll of fog {unknown}
 q - a scroll of magic mapping {unknown}
 u - 7 scrolls of teleportation {unknown}
 w - a scroll of acquirement {unknown}
 y - a scroll of blinking {unknown}
 H - 2 scrolls of brand weapon {unknown}
 I - 4 scrolls of enchant weapon {unknown}
 J - 2 scrolls of fear {unknown}
 Q - a scroll of holy word {unknown}
Potions
 g - a potion of brilliance {unknown}
 h - 2 potions of lignification {unknown}
 i - 3 potions of might {unknown}
 r - a potion of attraction {unknown}
 s - a potion of heal wounds {unknown}
 x - 2 potions of magic {unknown}
 A - 2 potions of degeneration {unknown}
 G - a potion of resistance {unknown}
 K - 4 potions of curing
 M - a potion of cancellation {unknown}
 O - a potion of flight {unknown}
 P - a potion of mutation {unknown}


   Skills:
 + Level 3.3 Fighting
 - Level 3.0 Armour
 - Level 4.0 Dodging
 - Level 3.0 Stealth
 * Level 12.2 Spellcasting
 + Level 6.9 Conjurations
 - Level 1.1 Summonings
 - Level 1.1 Translocations
 + Level 5.5 Fire Magic
 - Level 2.0 Air Magic
 - Level 1.3 Poison Magic
 - Level 1.2 Evocations


You had 20 spell levels left.
You knew the following spells:

 Your Spells              Type           Power      Damage    Failure   Level
a - Magic Dart            Conj           100%       1d8       1%          1
b - Mephitic Cloud        Conj/Pois/Air  30%        N/A       4%          3
c - Call Imp              Summ           19%        N/A       5%          2
d - Blink                 Tloc           N/A        N/A       5%          2
e - Conjure Flame         Conj/Fire      43%        6-21      1%          3
f - Foxfire               Conj/Fire      100%       2x1d9     1%          1

Your spell library contained the following spells:

 Spells                   Type           Power      Damage    Failure   Level
 Apportation              Tloc           38%        N/A       3%          1
 Animate Skeleton         Necr           28%        N/A       6%          1
 Pain                     Necr           56%        1d6       6%          1
 Slow                     Hex            14%        N/A       9%          2
 Vampiric Draining        Necr           7%         2d7       17%         3
 Alistair's Intoxication  Tmut/Pois      11%        N/A       77%         5
 Invisibility             Hex            7%         N/A       100%        6


Dungeon Overview and Level Annotations

Branches:
Dungeon (8/15)             Temple (1/1) D:5         Ossuary (visited)
   Lair: D:8-11

Altars:
Cheibriados
Dithmenos
Fedhas
Makhleb
Nemelex Xobeh
Sif Muna
Trog
Uskayaw
Vehumet
Wu Jian
Xom
Yredelemnul
Zin
The Shining One

Shops:
D:2 [   D:3 (*   D:10 *

Annotations:
D:10 Joseph


Message History

Your centaur unwields a +0 shortbow.
Your centaur hits the four-headed hydra.
Your centaur kicks the four-headed hydra.
Your centaur warrior zombie barely misses the centaur.
Your centaur warrior zombie kicks the centaur but does no damage.
The centaur hits your centaur warrior zombie.
The centaur kicks your centaur warrior zombie but does no damage.
The four-headed hydra bites your centaur! x2
Your centaur dies!
Your centaur's corpse dissolves into shadows!
The four-headed hydra bites your orc.
The four-headed hydra barely misses your orc.
Your orc hits the four-headed hydra with a +0 short sword.
Your orc warrior hits the four-headed hydra with a +2 halberd of protection!
Unknown command.
Casting: Blink (safe; 5% risk of failure)
Confirm with . or Enter, or press ? or * to list all spells.
You can't see any susceptible monsters within range! (Use Z to cast anyway.) Unknown command.
Your centaur warrior zombie closely misses the centaur.
Your centaur warrior zombie kicks the centaur.
The centaur hits your centaur warrior zombie.
The centaur kicks your centaur warrior zombie but does no damage.
Joseph hits your orc with a +0 quarterstaff.
The four-headed hydra bites your orc!
Your orc dies!
Your orc's corpse dissolves into shadows!
The four-headed hydra bites your orc!
Your orc dies!
Your orc's corpse dissolves into shadows!
The four-headed hydra bites your centaur warrior zombie! x2
Your centaur warrior zombie hits the four-headed hydra.
Your centaur warrior zombie kicks the four-headed hydra.
Your orc warrior hits the four-headed hydra with a +2 halberd of protection!!
Your orc warrior hacks one of the four-headed hydra's heads off!
The three-headed hydra dies!
Vehumet accepts your kill.
The centaur wields a +0 shortbow.
The centaur shoots an arrow.
The arrow closely misses your orc. The arrow hits you!
You die...

#...... #....P
#....P
...........#....
#.........o.#....
#...........#...#
#...........#...#
#...........#..@#
#...........#...#
#...........#...#
#...........#...#
#.......#...#oo.#
#.......#...#..o#
##.......#...#..Z#
.........#...#@c.#
....c...@#...#...#


You could see Joseph (ally target), a centaur, a friendly orc warrior
(summoned), 2 friendly orcs and a friendly centaur warrior zombie (summoned).

Vanquished Creatures
  A komodo dragon (D:7)
  A wraith (D:5)
  Sigmund (D:5)
  Duvessa (D:4)
  A water moccasin (D:5)
  A sky beast (D:6)
  A hornet zombie (D:7)
  An ice beast (D:4)
  A necrophage (D:5)
  An orc warrior (D:7)
  2 centaurs
  5 ogres
  2 phantoms
  2 elf zombies (Ossuary)
  A bullfrog (D:6)
  A gnoll sergeant (D:7)
  Dowan (D:4)
  A water moccasin zombie (D:5)
  A scorpion (D:5)
  3 wights (D:5)
  4 hounds
  Crazy Yiuf (D:5)
  2 jellies
  3 orc priests
  Ijyb (D:5)
  Natasha (twice) (D:4)
  3 iguanas
  An orc wizard (D:5)
  A killer bee zombie (D:7)
  4 mummies (Ossuary)
  3 gnolls (D:7)
  3 adders
  A shadow imp (D:5)
  A white imp (D:6)
  2 ufetubi
  2 adder zombies (Ossuary)
  4 dart slugs
  24 orcs
  7 ball pythons
  4 endoplasms
  3 giant cockroaches
  A gnoll zombie (Ossuary)
  8 goblins
  9 hobgoblins
  7 quokkas
  11 bats
  A goblin zombie (Ossuary)
  A jackal zombie (Ossuary)
  4 kobolds
  2 orc zombies (Ossuary)
  9 rats
  3 rat zombies (Ossuary)
161 creatures vanquished.

Vanquished Creatures (collateral kills)
  A hydra (D:10)
  Grinder (D:3)
  An orc priest (D:4)
  3 orcs (D:4)
6 creatures vanquished.

Vanquished Creatures (others)
  17 foxfires
17 creatures vanquished.

Grand Total: 184 creatures vanquished

Notes
Turn   | Place    | Note
-------+----------+-------------------------------------------
     0 | D:1      | pokeman the Deep Elf Hedge Wizard began the quest for the
                  | Orb.
     0 | D:1      | Reached XP level 1. HP: 10/10 MP: 7/7
   431 | D:1      | Reached XP level 2. HP: 16/16 MP: 6/9
   569 | D:1      | Found a faded altar of an unknown god.
  1020 | D:1      | Reached skill level 5 in Spellcasting
  1041 | D:1      | Reached XP level 3. HP: 9/20 MP: 0/11
  1045 | D:1      | Learned a level 3 spell: Mephitic Cloud
  1048 | D:1      | Learned a level 2 spell: Call Imp
  1051 | D:1      | Learned a level 2 spell: Blink
  1055 | D:1      | Learned a level 3 spell: Conjure Flame
  2063 | D:2      | Found Ygeweede's Antique Armour Emporium.
  2170 | D:2      | Reached skill level 1 in Fighting
  2537 | D:3      | Noticed Grinder
  2744 | D:3      | Reached skill level 1 in Armour
  2810 | D:3      | Found Xorietz's Weapon Boutique.
  3173 | D:3      | Reached XP level 4. HP: 25/25 MP: 10/13
  3499 | D:3      | Reached skill level 1 in Fire Magic
  3625 | D:3      | Found Ycuorh Xued's Assorted Antiques.
  3683 | D:3      | Reached skill level 6 in Spellcasting
  3821 | D:3      | Found an ornate altar of the Wu Jian Council.
  4386 | D:3      | HP: 1/25 [Grinder (3)]
  4395 | D:3      | Killed Grinder
  4396 | D:3      | Reached skill level 1 in Air Magic
  4396 | D:3      | Reached XP level 5. HP: 2/29 MP: 1/16
  4396 | D:3      | Reached XP level 6. HP: 3/34 MP: 1/17
  4880 | D:4      | Noticed an ice beast
  4896 | D:4      | Killed an ice beast
  4897 | D:4      | Reached skill level 7 in Spellcasting
  5049 | D:4      | Reached XP level 7. HP: 28/38 MP: 6/20
  5467 | D:4      | Reached skill level 1 in Poison Magic
  5718 | D:4      | Noticed Natasha
  5725 | D:4      | Killed Natasha
  5726 | D:4      | Reached skill level 8 in Spellcasting
  5833 | D:4      | Noticed Natasha
  5841 | D:4      | Killed Natasha
  5884 | D:4      | Noticed Duvessa
  5885 | D:4      | Noticed Dowan
  5899 | D:4      | Killed Duvessa
  5900 | D:4      | Reached skill level 1 in Evocations
  6008 | D:4      | Killed Dowan
  6153 | D:5      | Entered Level 5 of the Dungeon
  6251 | D:5      | Reached XP level 8. HP: 44/44 MP: 19/22
  6294 | D:5      | Noticed Ijyb
  6306 | D:5      | Killed Ijyb
  6324 | D:5      | Reached skill level 9 in Spellcasting
  6592 | D:5      | Found a staircase to the Ecumenical Temple.
  6600 | Temple   | Entered the Ecumenical Temple
  6649 | Temple   | Became a worshipper of Vehumet
  6735 | D:5      | Reached skill level 5 in Conjurations
  6965 | D:5      | Found a runed translucent door.
  6966 | D:5      | Noticed Crazy Yiuf
  7134 | D:5      | Reached skill level 10 in Spellcasting
  7280 | D:5      | Noticed Sigmund
  7297 | D:5      | Killed Sigmund
  7874 | D:5      | Reached XP level 9. HP: 47/48 MP: 1/25
  8317 | D:5      | Killed Crazy Yiuf
  8757 | D:6      | Found a sand-covered staircase.
  8764 | Ossuary  | Entered an ossuary
  8775 | Ossuary  | Reached skill level 11 in Spellcasting
  9557 | D:6      | Found a basalt altar of Yredelemnul.
  9557 | D:6      | Found a bloodstained altar of Trog.
  9735 | D:6      | Found a sparkling altar of Nemelex Xobeh.
 10353 | D:7      | Reached * piety under Vehumet
 10353 | D:7      | Offered knowledge of Foxfire by Vehumet.
 10356 | D:7      | Learned a level 1 spell: Foxfire
 10541 | D:7      | Reached skill level 5 in Fire Magic
 10726 | D:7      | Noticed a komodo dragon
 10737 | D:7      | Killed a komodo dragon
 10750 | D:7      | Reached skill level 12 in Spellcasting
 10894 | D:7      | Found a shimmering blue altar of Sif Muna.
 10894 | D:7      | Found a snail-covered altar of Cheibriados.
 10894 | D:7      | Found a shimmering altar of Xom.
 10896 | D:7      | Found a glowing golden altar of the Shining One.
 10897 | D:7      | Found a blossoming altar of Fedhas.
 10974 | D:8      | You fall into a shaft and drop 2 floors!
 10974 | D:10     | Entered Level 10 of the Dungeon
 10974 | D:10     | Found Rorruaty's General Store.
 10978 | D:10     | Noticed Joseph
 10979 | D:10     | Noticed a four-headed hydra
 11020 | D:10     | Killed a three-headed hydra
 11021 | D:10     | Shot with an arrow by a centaur

Illustrated notes

Levels and vault maps discovered:
D:1:      minmay_arrival_hallway, layout_basic,
          chequers_ecumenical_altar_island, chequers_avenue, minmay_domino_2
D:2:      layout_rooms, serial_shops, nicolae_shop_window_shopping,
          minmay_split_cup_small
D:3:      layout_loops_ring, mainiacjoe_overflow_alcove_1, serial_shops,
          nicolae_shop_stone, nicolae_shop_overgrown_old_shop,
          corexii_hall_statues_l, uniq_grinder
D:4:      layout_rooms, uniq_duvessa, uniq_natasha
D:5:      layout_loops_corners, minmay_temple_entry_slanted,
          uniq_crazy_yiuf_cottage, uniq_sigmund, uniq_ijyb
D:6:      layout_basic, nemelex_spade_bored_becter,
          gammafunk_temple_overflow_statue, enter_ossuary_2
D:7:      layout_loops_ring, minitemple
D:8:      layout_basic, david_lair_shrubbed, uniq_harold
D:10:     nicolae_whirlpool, layout_long_grid, kennysheep_mini, serial_shops,
          nicolae_stop_n_shop_1, shop, shop, nicolae_shop_overgrown_old_shop,
          nicolae_diamond_shop, uniq_joseph
Temple:   hc_temple_tempest_star

Skill      XL: |  1  2  3  4  5  6  7  8  9 |
---------------+----------------------------+-----
Spellcasting   | 5 6 7 8 10 12 | 12.2
Fighting       | 1 2 3 |  3.3
Conjurations   | 2 3 4 5 6 |  6.9
Armour         | 1 2 3 |  3.0
Fire Magic     | 1 3 5 |  5.5
Dodging        | 3 4 |  4.0
Air Magic      | 1 2 |  2.0
Stealth        | 3 |  3.0
Poison Magic   | 1 |  1.3
Evocations     | 1 |  1.2
Summonings     | |  1.1
Translocations | |  1.1

Action                   |  1- 3 |  4- 6 |  7- 9 || total
-------------------------+-------+-------+-------++-------
Melee: Dagger            |    41 |    25 |   119 ||   185
 Fire: Shortbow          |       |       |    24 ||    24
 Cast: Magic Dart        |   109 |    61 |   152 ||   322
       Call Imp          |     2 |    13 |    11 ||    26
       Mephitic Cloud    |       |     4 |    26 ||    30
       Conjure Flame     |       |     2 |    28 ||    30
       Blink             |       |       |     8 ||     8
       Foxfire           |       |       |     9 ||     9
Evoke: Wand              |       |       |     9 ||     9
  Use: Scroll            |       |       |     1 ||     1
 Stab: Sleeping          |     1 |       |       ||     1
       Confused          |       |     1 |     7 ||     8
       Distracted        |       |       |     1 ||     1
Armor: Robe              |    14 |       |       ||    14
       Leather armour    |     4 |     4 |    29 ||    37
Dodge: Dodged            |    44 |     9 |   108 ||   161

Table legend: (Time is in decaauts)
 A = Elapsed time spent in this place.
 B = Non-inter-level travel time spent in this place.
 C = Inter-level travel time spent in this place.
 D = Time resting spent in this place.
 E = Time spent auto-exploring this place.
 F = Levels seen in this place.
 G = Mean time per level.
                   A        B        C        D        E       F      G
               +--------+--------+--------+--------+--------+-----+--------+
         Total |  11028 |  10490 |    538 |    835 |   7913 |  11 | 1002.5 |
       Dungeon |  10465 |   9950 |    515 |    835 |   7475 |   9 | 1162.8 |
        Temple |     65 |     42 |     23 |      0 |     40 |   1 |   65.0 |
       Ossuary |    496 |    496 |      0 |      0 |    398 |   1 |  496.0 |
               +--------+--------+--------+--------+--------+-----+--------+

Top non-repeatable levels by time:
     D:3: 2291 daAuts
     D:5: 2268 daAuts
     D:1: 1910 daAuts
     D:4: 1291 daAuts
     D:7: 1076 daAuts
     D:6: 906 daAuts
     D:2: 659 daAuts
 Ossuary: 496 daAuts
  Temple: 65 daAuts
    D:10: 46 daAuts
     D:8: 14 daAuts
